AoeStats
← ✪ BlackJack

Arena

510499011Analyzed
1v1 RM · 1d ago on Oct 1, 2026· 23m 48s· 2 players
Game mode
Random Map
Map size
Tiny (2 player)
Population
200
Speed
Normal
Resources
Standard
Victory
Conquest
Starting age
Dark Age
Ending age
Imperial Age
RankedLock teamsTeams togetherTeam positionsShared explorationLock speedFull tech treeHidden civsTurbo modeCheats
Victory
Defeat
🇹🇷 Spanish · Türkiye
1190
+16
🇨🇳 Spanish · China
1200
-16
✪ BlackJack
10:42 Feudal Age
14:29 Castle Age
12:57 Loom
21:15 Double-Bit Axe
7.62子弹
11:07 Feudal Age
14:39 Castle Age
12:48 Double-Bit Axe
13:02 Loom
13:14 Horse Collar
18:24 Fletching
Connection lost

Rejoining the realm…

Still unreachable

The connection could not be restored.

Session expired

The server has moved on; the page needs a fresh start.